 Dungeon Crawl Stone Soup version 0.15.0-14-g6bbbb5c (webtiles) character file.

96 Kashira the Sneak (level 4, 0/37 HPs)
             Began as a Naga Enchanter on Sept 5, 2014.
             Slain by a quokka (3 damage)
             ... on Level 3 of the Dungeon.
             The game lasted 00:06:57 (1392 turns).

Kashira the Sneak (Naga Enchanter)                  Turns: 1392, Time: 00:06:57

HP   0/37        AC  4     Str 10      XL: 4   Next: 67%
MP   2/8         EV 10     Int 16      God:
Gold 49          SH  0     Dex 12      Spells:  2 memorised,  2 levels left

rFire  . . .     SeeInvis +     o - +1 whip (drain)
rCold  . . .     Clarity  .     b - +1 robe
rNeg   . . .     rCorr    .     (no shield)
rPois  +         rRot     .     (no helmet)
rElec  .         Spirit   .     g - +0 cloak
SustAb .         Warding  .     (no gloves)
rMut   .         Stasis   .     (no barding)
Gourm  .                        (no amulet)
MR     .....                    (no ring)
                                (no ring)

@: slowed, very slow, not resistant to hostile enchantments, fairly stealthy
A: spit poison, see invisible, deformed body, poison resistance, slowness 2, AC
+1
a: Spit Poison


You were on level 3 of the Dungeon.
You were not hungry.

You visited 1 branch of the dungeon, and saw 3 of its levels.

You collected 49 gold pieces.

Inventory:

Hand weapons
 a - a +1 dagger
 e - a +1 flail of holy wrath
 o - a +1 whip of draining (weapon)
Armour
 b - a +1 robe (worn)
 g - a +0 cloak (worn)
Comestibles
 d - 2 bread rations
 f - a beef jerky
 m - a royal jelly
Scrolls
 i - 3 scrolls of amnesia
 l - a scroll of random uselessness
Potions
 j - a potion of might {unknown}
 k - a potion of brilliance {unknown}
 n - 2 potions of confusion
 q - a potion of invisibility
Books
 c - a book of Maledictions

   Spells                             Type                      Level
   Corona                             Hexes                        1
   Sure Blade                         Hexes/Charms                 2
   Ensorcelled Hibernation            Hexes/Ice                    2
   *Confuse                           Hexes                        3
   *Dazzling Spray                    Conjuration/Hexes            3
   Enslavement                        Hexes                        4


   Skills:
 + Level 0.4 Fighting
 - Level 1.0 Short Blades
 + Level 2.2 Dodging
 - Level 4.8 Stealth
 + Level 2.9 Spellcasting
 + Level 3.8 Hexes


You had 2 spell levels left.
You knew the following spells:

 Your Spells              Type           Power        Failure   Level  Hunger
b - Dazzling Spray        Conj/Hex       #.......     28%         3    ###....
c - Confuse               Hex            ##......     12%         3    ###....


Dungeon Overview and Level Annotations

Branches:
Dungeon (3/15)

Altars:
Elyvilon


Innate Abilities, Weirdness & Mutations

You cannot wear boots.
You can spit poison.
Your serpentine skin is tough (AC +1).
You have supernaturally acute eyesight.
Armour fits poorly on your strangely shaped body.
Your system is resistant to poisons.
You cover ground very slowly.


Message History

The quokka bites you.
* * * LOW HITPOINT WARNING * * *
Casting: Dazzling Spray
Confirm with . or Enter, or press ? or * to list all spells.
Aiming: Dazzling Spray
Press: ? - help, Shift-Dir - straight line, f/p - quokka
Aim: a quokka
Okay, then.
Use which ability? (? or * to list)
You can't do that yet.
Unknown command.
Casting: Dazzling Spray
Confirm with . or Enter, or press ? or * to list all spells.
Aiming: Dazzling Spray
Press: ? - help, Shift-Dir - straight line, f/p - quokka
Aim: a quokka The spray of energy misses the quokka.
You have got your breath back.
The quokka bites you.
You die...

#.. #.. . #..
#.##########..
#.##..........
#.##.#########
#.##.#<.......
#######.##.#########
#..@r...##.#
#.#####.##.####
#o............#
#[)####!####..#
#o.##.....# .....
#..#.....o.# ###..
#..#.....o.#
#......_....o
#..#.......#.#


You could see a quokka.

Vanquished Creatures
  An orc wizard (D:3)
  Ijyb (D:2)
  2 adders (D:2)
  A giant mite (D:3)
  2 orcs (D:3)
  3 hobgoblins
  5 bats
  2 giant cockroaches
  A giant newt (D:1)
  2 goblins (D:2)
  4 kobolds
  7 rats
31 creatures vanquished.

Notes
Turn   | Place    | Note
--------------------------------------------------------------
     0 | D:1      | Kashira, the Naga Enchanter, began the quest for the Orb.
     0 | D:1      | Reached XP level 1. HP: 15/15 MP: 3/3
   312 | D:1      | Reached XP level 2. HP: 22/22 MP: 4/4
   924 | D:2      | Reached XP level 3. HP: 30/30 MP: 6/6
   929 | D:2      | Learned a level 3 spell: Dazzling Spray
   933 | D:2      | Learned a level 3 spell: Confuse
  1111 | D:2      | Noticed Ijyb
  1133 | D:2      | Killed Ijyb
  1264 | D:2      | Reached XP level 4. HP: 34/37 MP: 8/8
  1357 | D:3      | Found a white marble altar of Elyvilon.
  1392 | D:3      | Slain by a quokka

Action                   |  1- 3 |  4- 6 || total
-------------------------+-------+-------++-------
Melee: Dagger            |    13 |       ||    13
       Whip              |    29 |     7 ||    36
 Cast: Corona            |     5 |       ||     5
       Dazzling Spray    |     2 |     3 ||     5
       Confuse           |     2 |       ||     2
 Abil: Spit Poison       |    28 |     7 ||    35
  Use: Scroll            |       |     6 ||     6
 Stab: Sleeping          |     2 |       ||     2
       Confused          |     2 |       ||     2
       Invisible         |       |     1 ||     1
  Eat: Chunk             |     1 |       ||     1
       Meat ration       |     1 |       ||     1
